[Event "44th Chess Olympiad Open 2022"]
[Site "Chennai"]
[Date "2022.08.06"]
[Round "8.11"]
[White "Henriquez Villagra, Cristobal"]
[Black "Deac, Bogdan-Daniel"]
[Result "1/2-1/2"]
[WhiteElo "2620"]
[BlackElo "2692"]
[Annotator "TA"]
[PlyCount "140"]
[EventDate "2022.??.??"]
[TimeControl "60"]

1.
d4 Nf6 2. Nf3 d5 3. Bf4 c5 4. e3 Nc6 5. Nbd2 cxd4 6. exd4 {
[%emt 0:00:08] D02:1 d4 d5 2 Nf3 sidelines, including 2...Nf6 3 g3 and 2...
Nf6 3 Bf4.} Nh5 7. Be3 g6 {[%emt 0:00:44] [#]
} 8. h3 $146 {[%emt 0:16:21] White is slightly better.} ({Predecessor:} 8. Be2
Bg7 9. O-O O-O 10. c3 Bg4 11. Re1 e6 12. h3 Bxf3 13. Nxf3 Qc7 14. Qd2 {½-½ 
(52) Sjugirov,S (2663)-Volkov,S (2534) Cheliabinsk 2021}) 8... Qc7 9. c4 Be6 10. Ng5 Bg7 11. Nxe6 fxe6 12. Nb3 O-O 13. Rc1 Qd6 14. Be2 Nf4 15.
O-O Rad8 (15... Nxe2+ $11 {is more
appropriate.} 16. Qxe2 Rf5) 16. Bf3 $14 dxc4 17. Rxc4 Nd5 18. Nc5 b5 19. Ne4 Qc7 20. Rc5 Qb6 $1 21. Kh1 ({Better is} 21. Qb3
$14 a6 22. Rd1) 21... Nxe3 $15 22. fxe3 {[%emt 0:00:08][%cal
Yc5c6] [#]} Nxd4 23. exd4 Rxd4 24. Qb3 Rxe4 $1 {[%emt 0:
01:56] Pin} 25. Rxb5 Qe3 26. Qxe3 Rxe3 27. Rb7 a5 28.
Rd1 Bf6 29. b4 axb4 30. Rxb4 Ra3 31. Bg4 Kf7 32. Re4 e5 33. Be2 Rb8 34. Bc4+ Kg7 35. Bb3 h5 36. h4 Raxb3 37. axb3 {[%emt 0:00:05] The position
is equal.} Rxb3 {[%emt 0:00:05] Endgame KRR-KRB} 38. Rf1 Rd3 39. Kh2 Rd4 40. Rxd4 exd4 $11 {[%emt 0:00:03] KR-KB} 41. Kg3 e5 42. Re1 Kf7 43. Kf3 Ke6 44. Ke4 Bxh4 45.
Ra1 Bg3 46. Ra3 h4 47. Ra6+ Kf7 48. Kf3 Bf4 49. Ke4 g5 50. Kf5 Ke7 {[%emt 0:01:55] [#] ...d3 is the strong threat.} 51. Ke4 g4 {[%emt 0:02:11] And now ...h3 would win.} 52. Rg6 h3 {[%emt 0:01:26] Hoping for ...h2.} 53. Rxg4 h2 54. Rh4 Bg3 55. Rh6 Kf7 56. Rh3 Kf6 57.
Rh5 Bf4 58. g4 Ke6 59. Rh3 Kd6 (59... Kf6 $5 60. Rh5 Kf7
$11) 60. Rh8 Ke7 61. Rh3 Kf7 (61... Kf6 $5 62. Rh5 Bg3 $11) 62. Rh5 Kf6 (62... Kg6 $5) 63. Kd3 Kf7 64. Ke4 Kg6 65. Kd3 $1 Kf6 66. Ke4 Ke6 (66... Kg6 $5)
67. Rh3 Kd7 (67... Kf6 $5 68. Rh5 $11) 68.
Rh8 Kd6 69. Rh7 Ke6 70. Rh3 Kf6 {[%emt 0:00:11] Weighted Error
Value: White=0.05 (flawless) /Black=0.04 (flawless)} 1/2-1/2

[Event "44th Chess Olympiad Open 2022"]
[Site "Chennai"]
[Date "2022.08.06"]
[Round "8.11"]
[White "Parligras, Mircea-Emilian"]
[Black "Morovic Fernandez, Ivan"]
[Result "1-0"]
[WhiteElo "2576"]
[BlackElo "2489"]
[Annotator "TA"]
[PlyCount "75"]
[EventDate "2022.??.??"]
[TimeControl "60"]

1. d4 d5 2. c4 c6 3. Nf3 Nf6 4. e3 Bg4 5. h3 Bxf3 6. Qxf3 e6 7. Nc3 Bb4 8. Bd3 Nbd7 9. O-O {[%emt 0:01:23] D11: Slav Defence: 3 Nf3 sidelines and 3...Nf6
4 e3 Bg4.} O-O 10. a3 {[%emt 0:00:57] 10.Rd1 gains popularity.
} Bxc3 11. bxc3 {[%emt 0:00:05] The position is equal.} e5 {
[%emt 0:00:02] Strongly threatening ...e4.} 12. Qd1 e4 (12... Nb6 {seems wilder.} 13. c5 e4 14. cxb6 exd3 15. bxa7 Qc7
) 13. Be2 Nb6 $1 14. c5 Nc4
{[%emt 0:01:20] [#]} 15. Rb1 $146 ({Predecessor:} 15. Qb3 b5
16. cxb6 Na5 17. Qb4 axb6 18. a4 Qc7 19. Rb1 Rfb8 20. Ba3 Nc4 21. Bxc4 dxc4 22.
Qxc4 {½-½ (58) Vitiugov,N (2738)-Navara,D (2727) Wroclaw 2014}) 15... b5 16. cxb6 axb6 17. a4 {
[%emt 0:00:11] Against b5} Qc7 18. Bxc4 dxc4 19. Rb4 c5 20. Rxc4 Qc6 21. dxc5 bxc5 22. Ba3 Nd7 23. f3 {[%emt 0:01:05] 
[#]} exf3 (23... Rfd8 $1 $17 {Hoping for ...Ne5.} 24. Qc2 (24.
fxe4 $2 Qa6 $19) (24. Rxe4 $2 Nf6 $17) 24... exf3) 24. Qxf3 $11 Qb6 (24... Qxf3 $11 25. gxf3 Nb6 26. Rxc5 Nxa4) 25. Qd5 $36
{[%emt 0:03:36] White is really pushing.} Qb3 $2 {[%emt 0:02:00] A mistake
that costs the game.} (25... Qe6 $16 {is a better chance.} 26. Qxe6 fxe6) 26.
Bxc5 Nxc5 {[%emt 0:01:24] [#]} (26... Rac8 27. Bxf8 Qxc4 28.
Qxc4 (28. Qxd7 Rxf8 29. Qd4 Rc8 $18) 28... Rxc4) 27. Rxf7 $3 $18 {[%emt 0:00:
54] Deflection} Rxf7 28. Qxa8+ Rf8 29. Qd5+ Kh8 30. Qxc5 {[%emt 0:00:55]
[%cal Rc5f8] Endgame KQR-KQR} Qb8 (30... Qb1+ $142 31. Kh2
Qb8+ 32. Qc7 Qxc7+ 33. Rxc7 Kg8) 31. Rf4 Rd8 (31... Rc8 $142 32. Qb4 h6 33. Qxb8 Rxb8) 32. a5 {[%emt 0:01:02][%cal Ya4a5,
Ya5a6,Ya6a7] aiming for a6.} h6 33. a6 {[%emt 0:01:49] a7 is
the strong threat.} Rd1+ 34. Kh2 {[%emt 0:00:18] White
threatens a7 and mate.} Qb1 35. a7 {[%emt 0:02:59] White
mates.} Rh1+ 36. Kg3 Qg6+ 37. Rg4 Qe8 38. Qd4 {[%emt 0:00:18] Weighted
Error Value: White=0.23 (precise) /Black=0.78} 1-0

[Event "44th Chess Olympiad Open 2022"]
[Site "Chennai"]
[Date "2022.08.06"]
[Round "8.11"]
[White "Salinas Herrera, Pablo"]
[Black "Gavrilescu, David"]
[Result "1-0"]
[WhiteElo "2526"]
[BlackElo "2525"]
[Annotator "TA"]
[PlyCount "87"]
[EventDate "2022.??.??"]
[TimeControl "60"]

1. d4 d5 2. c4 e6 3. Nc3 Nf6 4. Nf3 Bb4 5. e3 O-O 6. Bd2 c5 7. a3 Bxc3 8. Bxc3 cxd4 {[%emt 0:00:15] E51:
Nimzo-Indian: Rubinstein: 4...0-0 5 Nf3 d5.} 9. Nxd4 $1 {[%emt 0:01:46] 9.Nxd4
is better than 9.Bxd4.} Re8 10. Qc2 e5 {
[%emt 0:09:21] The position is equal.} 11. Nf3 {[%emt 0:00:12] [#]} Nbd7 $146 ({Predecessor:} 11... e4 12. Nd4 Nbd7 13. O-O-O Ne5 14. f4 Nd3+
15. Bxd3 exd3 16. Qxd3 Ne4 17. Nf3 Nf2 {½-½ (24) Sargissian,G (2694)
-Sjugirov,S (2696) Sochi 2022}) 12. cxd5 Nxd5 13. Rd1 Nxc3 14. Qxc3 Qe7 (14... Qb6 {feels hotter.} 15. Bc4 e4 16. Ng5 Ne5)
15. Bb5 e4 16. Nd4 Qe5 17. O-O a6 18. Bxd7 Bxd7 19. Qb4 a5 20.
Qb6 Ra6 21. Qxb7 Rh6 22. h3 (22. g3 $1 $16
Bc8 23. Qb5) 22... Bxh3 $11 23. f4 exf3 24. Rxf3 $40 {[%emt 0:00:04] White mounts an attack.} Qh2+ $1 25. Kxh2 {[%emt 0:00:04] Really sharp!} Bc8+ 26. Kg1 Bxb7 27. Rf5 Rg6 (27... Rxe3 $2 28. Rb5 Rd6 29. Rxb7 $18) 28. Rd2 h6 ({Much less strong is} 28... Rxe3 29. Rb5 $16) 29.
Rxa5 Rxe3 30. Ra7 Rb6 (30... Be4 $5 ) 31. b4 Re1+ {[%emt 0:00:32] [#]} 32. Kh2 $1 Bc6 {[%emt 0:00:53] Against b5} (32... Be4 $142) 33. a4 {[%emt 0:01:53][%cal
Ya3a4,Ya4a5,Ya5a6] aiming for a5.} Be8 (33... Bd5 $16) 34. b5
$18 Re4 $2 (34... Rb8 {was necessary.} 35. a5
Bxb5) 35. a5 {[%emt 0:01:13] White is clearly winning.} Rb8 {[%emt 0:00:32] [#]
} (35... Rxb5 $142 36. Nxb5 Bxb5) 36. b6 $1 Kh7 37. b7 {[%emt 0:00:11] Threatens to win with a6.} Bd7 38.
a6 {[%emt 0:00:07] Hoping for Ra8.} Ree8 39. Re2 Red8 (39... Rxe2 $142 40. Ra8 Ree8 41. Rxb8 Rxb8) 40. Re7 Ba4 {[%emt 0:00:00] [#]} 41. Rxf7 $1 {[%emt 0:30:29] And now
Ne6 would win.} Kg6 {[%emt 0:00:00] [#]} (41... Rg8 42. Re7) 42. Ne6 $1 Rh8 {[%emt 0:03:26] [#]} (42... Re8 43. Rxg7+)
43. Rf8 $1 {[%emt 0:00:00] Intending Rxh8 and mate.} Bc6 44.
Ra8 {[%emt 0:00:00] Weighted Error Value: White=0.15 (very precise) /Black=0.
24 (precise)} 1-0

[Event "44th Chess Olympiad Open 2022"]
[Site "Chennai"]
[Date "2022.08.06"]
[Round "8.11"]
[White "Jianu, Vlad-Cristian"]
[Black "Lopez Silva, Hugo"]
[Result "1/2-1/2"]
[WhiteElo "2511"]
[BlackElo "2403"]
[Annotator "TA"]
[PlyCount "80"]
[EventDate "2022.??.??"]
[TimeControl "60"]

1. d4 Nf6 2. Nf3 g6 3. g3 Bg7 4. Bg2 O-O 5. O-O d5 6. c4 c6 7. b3 dxc4 8. bxc4 c5 9. Bb2 cxd4 10. Nxd4 Na6 {[%emt 0:01:37] A49:1 d4 Nf6 2 Nf3 g6 3 g3: Anti-King's
Indian systems.} (10... Qc7 $11) 11. Nc3 $14 Nd7 {[%emt 0:00:
00] [#]} 12. Rc1 $146 ({Predecessor:} 12. e3 Ne5 13. Qb3 Nc5
14. Qc2 Bd7 15. Ncb5 a6 16. Na3 Rc8 17. Rab1 Qc7 18. h3 {0-1 (53) Cordova,E 
(2610)-Cori,J (2600) Lima 2016}) 12... Ndc5 13. Nb3 Be6 14. Ba3 Qb6 (
14... Rc8 $11) 15. Nxc5 (15. Nd5 {looks sharper.} Qd6 16. e4
Rae8 17. f4) 15... Nxc5 16. Na4 Nxa4 17. Qxa4 Qc7 18. Qb4 Rac8 $1 19. Qxe7 Qxe7 20. Bxe7 Rfe8 21. Bg5 Rxc4 22. Bxb7 Rxc1 23. Rxc1 Bxa2 24. Be3 h5 25. Rc5 Rb8 26. Ra5 {[%emt 0:01:11][%csl Ya2,Ya7] White is more
active.} Rxb7 27. Rxa2 Rb2 28. Rxb2 ({Of course not} 28. Rxa7 Rxe2 29. Kg2 Rc2 $11) 28...
Bxb2 29. Bxa7 $16 {[%emt 0:01:00] Endgame KB-KB} f5 30. Kg2 Kf7 31. Kf3 Be5 32. h3 Ke6 33. Be3 Kd5 34. g4 hxg4+ {[%emt 0:00:07] White is slightly better.} 35. hxg4 Ke6 36. Bf4 Bd4 37. Kg3 Bc5 38. e3 Be7 39. Bc7 Bg5 40. Kf3 Bh4
{[%emt 0:00:16] Weighted Error Value: White=0.06 (flawless) /Black=0.13 (very
precise)} 1/2-1/2

[Event "44th Chess Olympiad Open 2022"]
[Site "Chennai"]
[Date "2022.08.06"]
[Round "8.12"]
[White "Can, Emre"]
[Black "Noritsyn, Nikolay"]
[Result "1-0"]
[WhiteElo "2606"]
[BlackElo "2482"]
[Annotator "TA"]
[PlyCount "129"]
[EventDate "2022.??.??"]
[TimeControl "60"]

1. d4 d5 2. c4 dxc4 3. Nf3 a6 4. e3 Bg4 5. Bxc4 e6 6. h3 Bh5 7. Nc3 Nc6 8. O-O Nf6 9. Re1 {[%emt 0:00:19] seems to push 9.Be2 aside. D22: Queen's Gambit
Accepted: 3 Nf3 a6 4 e3.} Be7 10. a3 O-O 11. Bf1 {[%emt 0:00:29] [#] White is slightly better.} b5 $146 ({Predecessor:} 11... Nd5 12. g4 Bg6 13. e4
Nxc3 14. bxc3 b5 15. Bb2 f5 16. gxf5 exf5 17. e5 Na5 {1-0 (44) Vardan,N (2366)
-Unat,C (2130) Belgrade 2021}) 12. g4 Bg6 13.
Nh4 b4 14. Nxg6 hxg6 15. Na4 Qd7 (15... bxa3 $14
16. bxa3 Rb8) 16. Qc2 Bd6 17. Bd2 bxa3 18. bxa3 Na7 19. Bg2 Rab8 (19... Qe8 $142 20. Rf1 (20.
Bxa8 Qxa8 21. e4 Nb5 $16) 20... Nd5) 20. Nc5 $18 Qc8 21. a4 Nd5 22. Rab1 {[%emt 0:02:00]
Black must now prevent Rxb8.} Rb6 23. Rec1 Rd8 24. Bf1 Rc6 25. Qb3 Bxc5 (25... Rb6 $16 {was necessary.} 26. Qd3
Bxc5) 26. dxc5 Nf6 27. Ba5 Nd5 28. Qb7 Qxb7 29. Rxb7 Nc8 30. e4 Nde7 (30... Nd6 $142) 31. Rxc7 Rd4 32. Rxc6
$2 (32. Rb7 $18 {and White stays clearly on top.}) 32... Nxc6
$16 33. Bxa6 {[%emt 0:00:30] aiming for Bc3.} N8e7 34. Bb6 Rxa4 35. Bc4 Ne5 36. Bf1 Rxe4 37. Bc7 {
[%emt 0:00:08] Threatens to win with Bxe5.} N5c6 38. Bd6 $1 {
[%emt 0:00:49] And now Bxe7 would win.} Nd5 39. Ra1 Ndb4 40. Kg2 f5 (
40... f6 $14) 41. Ra8+ Kh7 42. g5 $1 {
[%emt 0:00:45] White is more active.} Nd4 {[%emt 0:12:02] Inhibits Bb5.} 43.
Ba6 Re1 44. Bb7 {[%emt 0:01:18] This bishop
pair is nice.} Rc1 (44... Rd1 $16 {is a better defense.}) 45.
Ra4 $18 Rb1 {[%emt 0:01:41] [#]} (45... Ndc6 $142 46. Bc8 e5)
46. Be5 $1 Ndc2 47. Bc3 ({
Worse is} 47. c6 Ne1+ 48. Kg3 Rb3+ 49. f3 Nd5 $11) 47... Nd5 48. Bxd5 exd5 {[%emt 0:00:04] Endgame KRB-KRN} 49. c6 Ne1+ (49... Rb6 $142 50. c7 Rc6) 50. Kf1 Nf3+ {[%emt 0:00:39] [#]} 51. Ke2 $1 {[%emt 0:00:51] c7 would
kill now.} Rb6 52. Kxf3 {[%emt 0:01:59] Threatening mate with
c7. KRB-KR} Rb3 {[%emt 0:00:10] [#]} 53. Rc4 $3 dxc4 54. c7 Rxc3+ {[%emt 0:00:09] KR-KP} 55. Kg2 Rd3 56. c8=Q {[%emt 0:00:07] KQ-KR} Rd4 57. Kg3 (57. Qc5 $142 Re4 58. Kg3 Re2 59. Qxc4 Re1 60.
Qh4+ Kg8 61. f3 Rg1+ 62. Kh2) 57... Rd3+ 58. f3 {[%emt 0:00:
28] White threatens h4 and mate.} Rc3 59. h4 {[%emt 0:00:22]
White mates.} Rc1 60. h5 c3 61. hxg6+ Kxg6 62. Qe6+ Kh5 63. Qf7+ Kxg5 64. Qxg7+ Kh5 65. Kf4 {[%emt 0:00:07] Weighted Error
Value: White=0.15 (very precise) /Black=0.60} 1-0

[Event "44th Chess Olympiad Open 2022"]
[Site "Chennai"]
[Date "2022.08.06"]
[Round "8.12"]
[White "Hansen, Eric"]
[Black "Yilmaz, Mustafa"]
[Result "1-0"]
[WhiteElo "2606"]
[BlackElo "2634"]
[Annotator "TA"]
[PlyCount "107"]
[EventDate "2022.??.??"]
[TimeControl "60"]

1. e4 c5 2. Nf3 d6 3. Bb5+ Nd7 4. O-O a6 5. Bxd7+ Bxd7 6. c3 Nf6 {[%emt 0:01:09][%cal Yg8f6,Yf6d5,Yd5b4] B51: Sicilian: Moscow
Variation (3 Bb5+) without 3...Bd7.} 7. Re1 e6 8. d4 Be7 {[%emt 0:00:49] The position is equal.} 9. dxc5 $5
{[%emt 0:03:25] Exploring less charted territory.} dxc5 10. e5 Nd5 11. c4 Nb4 12. a3 Nc6 13. Nc3 Na5
{[%emt 0:13:36] [#]} 14. Bf4 $146 (14. Ne4 $11) ({Predecessor:
} 14. Qe2 Nb3 15. Rb1 Nxc1 16. Rexc1 Bc6 17. Ne4 Qc7 18. b4 b6 19. bxc5 bxc5
20. Rd1 {1-0 (40) Fruteau,S (2037) -Brookfield,T (1897) Vale 2015}) 14... Bc6 (14... Nxc4 $15 {should be considered.} 15. Qc2 Bc6) 15. Qe2
$11 Qb6 16. Ne4 Bxe4 17. Qxe4 Rd8 18. Rab1 Nc6 {[%emt 0:00:00] Prevents b4.} 19. Be3 Qb3 {[%emt 0:04:58] Against b4} 20. Qg4 Kf8 21. h4 h6 22. h5 Rg8 23. Rec1 Qd3 24. b4 cxb4 (
24... g5 $1 $11) 25. axb4 $16 Nxb4 26. Nd4 {
[%emt 0:00:57] Inhibits Qf5. aiming for Rd1.} g5 (26... a5 $16
) 27. Rd1 $18 Qxc4 {[%emt 0:01:09] [#]} 28. Rxb4 $1 Qxb4 {[%emt 0:01:14] [#]} 29. Nxe6+ $1 {[%emt 0:00:06] Discovered
Attack} fxe6 30. Rxd8+ Kf7 31. Qf3+ Kg7 32. Rd7 {[%emt 0:00:27]
Intending Qf6+ and mate.} Rf8 {[%emt 0:03:25] Against Qf6+} 33. Qxb7 (33. Qd1 $1 $18 Kh8 34. Qc2) 33... Rf7 $16 34. Qxa6 {[%emt 0:00:00] White is more active.} Qb1+ 35.
Qf1 Qxf1+ (35... Qb3 $16 36. Qd3 Qxd3 37.
Rxd3 Bf8) 36. Kxf1 {[%emt 0:00:00] Endgame KRB-KRB} Kf8 37. g4
{[%emt 0:00:23] Against Rf5} Bb4 38. Rd8+ Kg7 39. Re8 Re7 40. Rb8 (40. Rxe7+ $18 Bxe7 41. Ke2) 40... Bc3 41. Rb5
$1 Rd7 42. Ke2 Bd4 43. Bc1 Rc7 {[%emt 0:01:19] [#]} (43... Ra7 $16 {
was called for.}) 44. Bd2 (44. Ba3 $1 $18) 44... Rc5 $2 {
[%emt 0:08:02] Loses the game.} (44... Rc4 $16 45. f4 gxf4 46. Bxf4 Bc5) 45.
Rb7+ $18 Kg8 46. f4 {[%emt 0:00:21] Re7 is
the strong threat.} gxf4 (46... Bc3 $142 47. Be3 (47. fxg5
Bxd2 48. Kxd2 hxg5 $14) 47... Ra5) 47. Bxf4 Bxe5 48. Bxh6 {[%emt 0:00:12] Strongly threatening Be3.} Bf6 $2 (48... Rc8 49. g5 Rc2+ 50. Kf3 Rh2) 49. g5 Rxg5 50. Bxg5 {[%emt 0:00:05] White mates.} Bxg5 51. Kf3 Bd2 52. Ke4 Bc3 53. Kf4 Kf8 54. Ke4 $2 {[%emt 0:00:34]
Weighted Error Value: White=0.09 (flawless) /Black=0.37. Sensor Board Error 
(Ke4/e5)?} (54. Kg5 {mates} Ke8 55. Kg6 e5 56. h6 Kd8 57. h7 e4 {[#]} 58. Rg7
$1 Bxg7 59. Kxg7) 1-0

[Event "44th Chess Olympiad Open 2022"]
[Site "Chennai"]
[Date "2022.08.06"]
[Round "8.12"]
[White "Solak, Dragan"]
[Black "Samsonkin, Artiom"]
[Result "1-0"]
[WhiteElo "2594"]
[BlackElo "2434"]
[Annotator "TA"]
[PlyCount "133"]
[EventDate "2022.??.??"]
[TimeControl "60"]

1. e4 c5 2. Nf3 d6 3. d4 cxd4 4. Nxd4 Nf6 5. Nc3 a6 6. Bg5 Nbd7 7. Bc4 {[%emt 0:01:15] 7.Qe2 is the modern continuation.} Qb6 {
[%emt 0:00:31] B94: Sicilian Najdorf: 6 Bg5 Nbd7.} 8. Bb3 e6 9. Bxf6 Nxf6 {[%emt 0:00:20] The position is
equal.} 10. Qd2 {[%emt 0:00:14] 10.f4 is not played anymore.} Be7 11. O-O-O Nd7 12. Rhe1 {[%emt 0:13:09]
[%cal Yd4f5] [#]} O-O $146 ({Predecessor:} 12... Ne5 13. Na4
Qc7 14. f4 Nc6 15. Qe3 Na5 16. Nf5 b5 17. Nb6 Nxb3+ 18. axb3 Rb8 19. Nxe7 Kxe7
20. Nxc8+ Rhxc8 {1-0 (46) Matusek,J (2199)-Rasmussen,E (2289) ICCF email 2015})
13. f4 Nc5 14. g4 Qc7 15. g5 b5 16. a3 Bd7 17. Kb1 (
17. Ba2 $14) 17... Rfb8 $11 18. f5 $1 a5 {
[%emt 0:10:11] [#] Strongly threatening ...b4.} 19. fxe6 fxe6 20. Nf5 Bf8 21. Rg1 {
[%emt 0:08:56][%cal Yf5h6] aiming for Nh6+!} ({Not} 21. Nxd6 $2 b4 22. Nc4 bxc3
23. Qxc3 Be8 $19) (21. Nh6+ $5 gxh6 22. gxh6 $17) 21... Be8 22. Nxd6 Bxd6 23. Qxd6 Qxd6 24. Rxd6 b4 25. axb4 axb4 26. Ne2 Nxb3 (26... Rb5 $15 27. Bxe6+ Nxe6 28. Rxe6 Rba5) 27. cxb3 Ra5 28. Nf4 $36 {[%emt 0:01:18] White has good play.} Rba8 ({Better is} 28... Re5 $14) 29. Kc2 $16 {[%emt 0:00:00] White
is more active.} Rc8+ 30. Kd3 Rac5 (30... Bf7 $16 {was called for.} 31. h4 (31. Nxe6 Re5 $16) 31... e5)
31. Nxe6 (31. Rxe6 $18 {And now Rb6 would win.} Rb8 32. Re7)
31... Rc2 32. Rd8 Rxd8+ 33.
Kxc2 {[%emt 0:00:05] Endgame KRB-KRN} Rd6 34. Nf4 {[%emt 0:00:
19] Hoping for Rd1.} Rd4 35. Re1 Bg6 ({Black should try} 35... Kf7 $14) 36. Ne6 (
36. Nxg6 $16 hxg6 37. e5) 36... Rd5 (36... Rd6 $1 $11 37. Nf4
Rd4) 37. h4 {[%emt 0:00:33] Black must now prevent Nf4.} Rd6 $2 (37... Kf7 $1 $14 38. Kc1 (38. Nf4 Rd4 $14) 38... Rd3) 38. Nf4 $18 Rd4 39. Ne6 $2 (39. Nxg6 $18 hxg6 40.
Kb1) 39... Rd6 $11 40. Nf4 (40. h5 $11) 40...
Rd4 $1 $18 {[%emt 0:00:09] Black is now going downhill.} 41. Nxg6 hxg6 {[%emt 0:00:09] [#] KR-KR} 42. Kb1 $1 {[%emt 0:00:23] Rc1 is the
strong threat.} Rd3 (42... Kf7 {keeps fighting.} 43. Rc1 Ke6
44. Rc6+ Ke5 45. Rxg6 Rxe4) 43. Rf1 Rxb3 $2 (
43... Rd4 44. Rc1 Rd3 45. Rc8+ Kf7) 44. Ka2 Rd3 45. Rf4 Kh7 $2 (45... Re3 46. e5 Rxe5
47. Rxb4 Kf7) 46. e5 b3+ 47. Ka3 {[%emt 0:00:
09] White mates.} Kg8 48. e6 Re3 49. Kb4 Rxe6 50. Kxb3 Re7 51. Kc4 Kh7 52. b4 Re8 53. b5 Rb8 54. Kb4 Rf8 55. Rc4 Rb8 56. Rc6 Rf8 57. b6 Rf1 58. Rc4 Rf5 59. Ka4 Rf8 60.
b7 Rb8 61. Rb4 Re8 62. Ka5 Re5+ 63. Ka6 Re6+ 64. Ka7 Re5 65. h5 Re8 66. hxg6+ Kxg6 67. Rb5 {[%emt 0:00:11] Weighted Error Value: White=0.18 (very precise)
/Black=0.27 (precise)} 1-0

[Event "44th Chess Olympiad Open 2022"]
[Site "Chennai"]
[Date "2022.08.06"]
[Round "8.12"]
[White "Preotu, Razvan"]
[Black "Ali Marandi, Cemil Can"]
[Result "0-1"]
[WhiteElo "2445"]
[BlackElo "2561"]
[Annotator "TA"]
[PlyCount "94"]
[EventDate "2022.??.??"]
[TimeControl "60"]

1. e4 c5 2. Nf3 e6 3. d4 cxd4 4. Nxd4 a6 5. c4 Nf6 6. Nc3 Bb4 7. Qd3 {[%emt 0:01:57] The modern move. B41: Sicilian: Kan
Variation: 5 c4.} Qc7 8. a3 Be7 9. f4 {[%emt 0:06:22][%cal Yf2f4,Yf4f5] White is slightly better.} d6 {
[%emt 0:00:28] Inhibits e5.} 10. Be2 b6 {[%emt 0:01:33] [#]}
11. f5 $146 ({Predecessor:} 11. b4 Bb7 12. O-O Nbd7 13. Qe3 g6
14. Bb2 Rc8 15. Rac1 Qb8 16. h3 O-O 17. f5 {0-1 (48) Getz,N (2407) -Neiksans,A
(2607) Fagernes 2016}) 11... Bd7 (11... O-O $14) 12. g4 (12. O-O $16) 12... h6 $1 $14 13. Qh3 {
[%emt 0:01:43] [#] Black must now prevent fxe6.} Nc6 14. Nb3 ({White should try} 14. Be3 $14 Nxd4 15. Bxd4) 14... O-O-O $11 15. Bf4 Ne5 16. Rc1 {
[%emt 0:09:19][%cal Yc3d5] Strongly threatening Nd5!} Kb8 (
16... Nxc4 $2 17. Bxc4 Qxc4 18. Ne2 Qxc1+ 19. Bxc1 $18) 17. Nd2 g5 {[%emt 0:04:33] Black is more active.} 18. fxg6 Nxg6 (18... fxg6 $6 19. O-O $15) 19. Be3 Ne5 20. Kd1 Bc6 21.
Kc2 Qb7 22. Qg2 {[%emt 0:00:05] 
[#]} (22. Rhg1 $15) 22... h5 ({Better is} 22... Nexg4 $1 $17
23. Bxg4 Rhg8) 23. g5 $1 $15 Nfg4 24. Qg1 Nxe3+ 25. Qxe3 h4 26. Kb1 Rdg8 27. Rhg1 Rg7 $36 {[%emt 0:00:30] Black is on the roll.} 28. Nf3 Rhg8 29. Rcd1 Qc7 30. Qd4 Nxf3 (30... Bxg5 31. Nxg5 Rxg5 32. Rxg5 Rxg5
33. Qf2 $15) 31. Bxf3 Rxg5 32. Rxg5 Bxg5 ({Worse is} 32... Rxg5 33. Qh8+ Kb7 34. Rf1 $15)
33. Qxd6 {[%emt 0:00:27] White does not recover from this.} (33. Ne2 $17 {
was called for.}) 33... Qxd6 34. Rxd6 Kc7 35. Rd1 (35. Rd3 {might work better.}) 35...
Bf4 $19 {[%emt 0:00:12] A strong pair of Bishops.} 36. Bh5 Rg7 ({And not} 36... Bxh2 37. Bxf7 Rg1 38. Rxg1 Bxg1 39. Bxe6 $17)
37. h3 Be5 38. Kc2 Bxc3 39. Kxc3 {[%emt 0:00:06] Endgame KRB-KRB} Rg3+ ({Don't blunder} 39... Bxe4 $2 40. Kd4 Bf5 41. Rf1 $19) 40. Kd2 Bxe4 41. Bxf7 Bf5 42. Re1 Rd3+ 43. Kc1 Kd6 {[%emt 0:
00:49] Black is clearly winning.} 44. Bh5 Rxh3 {[%emt 0:00:32]
aiming for ...Rh2.} 45. Be2 (45. Kd1 $142 Rd3+ 46. Ke2) 45...
Rh2 46. b4 h3 {[%emt 0:00:29] Threatens to
win with ...Rf2.} 47. Kd1 Rg2 {[%emt 0:01:37] Weighted Error
Value: White=0.31/Black=0.07 (flawless)} 0-1

[Event "44th Chess Olympiad Open 2022"]
[Site "Chennai"]
[Date "2022.08.06"]
[Round "8.13"]
[White "Indjic, Aleksandar"]
[Black "Gretarsson, Hjorvar Steinn"]
[Result "1-0"]
[WhiteElo "2620"]
[BlackElo "2563"]
[Annotator "TA"]
[PlyCount "91"]
[EventDate "2022.??.??"]
[TimeControl "60"]

1. d4 Nf6 2. c4 e6 3. Nc3 Bb4 4. Qc2 O-O 5. Nf3 d6 6. g3 Nc6 7. a3 Bxc3+ 8. Qxc3 e5 {[%emt 0:01:56] E33: Nimzo-Indian: Classical: 4...Nc6.} 9. Bg2 {
[%emt 0:09:11][%cal Rd4e5] is the legacy move (9.d5).} e4 10.
Nd2 d5 {[%emt 0:00:19] The position is equal.} 11. e3 Be6 {[%emt 0:13:10] [#]} 12. b3 $146 ({
Predecessor:} 12. O-O Re8 13. b3 Qd7 14. Re1 Bh3 15. Bh1 Ne7 16. cxd5 Nexd5 17.
Qc2 Qf5 18. Nc4 {0-1 (32) Tran,N (2212)-Nguyen,A (2439) Can Tho 2012}) 12... a5 13. Bb2 Re8 14. h3 a4 15. bxa4 Qd7 16.
Qc2 Na5 17. cxd5 Bxd5 18. O-O h5 19. Rac1 Re7 20. Qd1 Qe6 21. Rc5 b6 22. Rb5 Nb7 {[%emt 0:00:45] Pair of Knights!} 23. Bc3 Nd6 24. Rb2 h4 25. Bb4 (25. gxh4 Nf5 26. Kh1 Nxh4
$15) 25... Rd7 26. a5 (26. gxh4 Nf5 27. Kh2
Nxh4 $15) (26. Bxd6 $11 Qxd6 27. gxh4) 26... bxa5 (26... hxg3
$15 27. fxg3 Nc4 28. Nxc4 Bxc4) 27. Bc5 (27. Bxd6 $5 Qxd6 28.
g4 $11) 27... a4 28. Rb4 Nb7 29. Qc2 Re8 (29... Nxc5 $15 {keeps the upper
hand.} 30. Qxc5 Rd6) 30. gxh4 $16 ({Not} 30. Qxa4 Nxc5 31.
dxc5 Red8 $17) (30. Rxa4 hxg3 31. fxg3 Qc6 $11) 30... Bc6 (
30... Rdd8 $14) 31. Rfb1 Nxc5 32. Qxc5 Rd5 33. Qc4 Rh5 34. Rb8 Rd5 (34... Qxc4 $16 35. Nxc4 Kf8
) 35. Qc2 $18 Rdd8 {[%emt 0:00:38] [#]} 36. Rxd8 Rxd8 37. Rc1 Bd5 38. Qxc7 Re8 39. Nf1 Qa6 40. Ng3 Qe6 41. Rc5 Qa6 42. h5 Qd3 $2 (42... Qe6 43. Qf4 Rf8) 43. h6 Qxa3 $2 (43... Qb1+ 44. Bf1 Qb8) 44. Qf4 {[%emt 0:00:
00] [#] Threatening mate with Qg5. White is clearly winning.} Re6 45. Rc8+ Ne8 46. Qg5 {[%emt 0:00:00]
Weighted Error Value: White=0.19 (very precise) /Black=0.31} 1-0